 Dungeon Crawl Stone Soup version 0.30.1-11-g7821555f0a (webtiles) character file.

Game seed: 7159233289368917899

1962299 ketchum the Conqueror (level 27, 176/273 HPs)
             Began as a Minotaur Fighter on Dec 24, 2023.
             Was the Champion of the Shining One.
             Escaped with the Orb
             ... and 4 runes on Dec 26, 2023!
             The game lasted 05:24:18 (96254 turns).

ketchum the Conqueror (Minotaur Fighter)           Turns: 96254, Time: 05:24:19

Health: 176/273    AC: 40    Str: 38    XL:     27
Magic:  36/36      EV: 11    Int:  8    God:    the Shining One [******]
Gold:   6272       SH: 27    Dex: 13    Spells: 26/26 levels left

rFire   + + .        f - +4 consecrated labrys {holy, Valiant Fragile Fly SInv}
rCold   + + +        y - +4 tower shield "Meappats" {rF+}
rNeg    + + +        h - +2 gold dragon scales
rPois   +            O - +2 hat of Oroamm {Rampage rPois rC+ Int-2}
rElec   +            W - +1 cloak of Lealiket {rPois Int+3}
rCorr   .            (no gloves)
SInv    +            g - +2 pair of boots {rampage}
Will    +++..        P - amulet of Uwnann {rN+ Regen+ Str+4 Dex+2 SInv} Stlth
                     R - ring "Bacaufuir" {rElec Will+}
HPRegen 1.45/turn    s - ring of the Blue Skies {rC+ rN+ AC+4 Int+2}
MPRegen 0.25/turn

%: rampage
@: flying, glowing
A: horns 2, retaliatory headbutt, hooves 1
0: Orb of Zot
}: 4/15 runes: serpentine, barnacled, silver, abyssal
a: Renounce Religion, Divine Shield, Cleansing Flame, Summon Divine Warrior,
Brand Weapon With Holy Wrath


You escaped.
You worshipped the Shining One.
The Shining One was exalted by your worship.
You visited 12 branches of the dungeon, and saw 52 of its levels.
You visited the Abyss 4 times.
You also visited: Trove, Sewer, Bailey, Ice Cave, Wizlab and Desolation.

You collected 9656 gold pieces.
You spent 3384 gold pieces at shops.

Inventory:

Hand Weapons
 a - a +6 eveningstar of protection
 b - a +5 broad axe of freezing
 c - a +2 vampiric broad axe
 e - a +6 vampiric demon trident
 f - the +4 consecrated labrys (weapon) {holy, Valiant Fragile Fly SInv}
   (Okawaru gifted it to you on level 3 of the Snake Pit)

   Valiant:   It becomes more powerful as more dangerous foes come into view.
   SInv:      It lets you see invisible.
   Fly:       It grants you flight.
   Fragile:   It will be destroyed if unequipped.
 q - the +5 Lochaber axe {reach-cleave, Poleaxe Drain}
   (You took it off a deep elf zephyrmancer on level 3 of the Elven Halls)

   Poleaxe:   It uses either Axes or Polearms skill, whichever is higher.
   Drain:     It drains your maximum health when unequipped.
 E - the +7 double sword of the Middle {pain, Dex+2 Stlth+}
   (You found it in a wizard's laboratory)

   Dex:       It affects your dexterity (+2).
   Stlth:     It makes you more stealthy.
   The Shining One disapproves of the use of such an item.
Armour
 d - a scarf of resistance
 g - a +2 pair of boots of rampaging (worn)
 h - +2 gold dragon scales (worn)
 y - the +4 tower shield "Meappats" (worn) {rF+}
   (You found it on level 1 of the Shoals)

   rF:        It protects you from fire.
 O - the +2 hat of Oroamm (worn) {Rampage rPois rC+ Int-2}
   (Okawaru gifted it to you on level 4 of the Vaults)

   Int:       It affects your intelligence (-2).
   rC:        It protects you from cold.
   rPois:     It protects you from poison.
   Rampage:   It bestows one free step when moving towards enemies.
 T - a +2 cloak of preservation
 V - the +0 pair of gloves of Hadjma {Regen+ Stlth+}
   (Okawaru gifted it to you on level 3 of the Snake Pit)

   Regen:     It increases your rate of health regeneration.
   Stlth:     It makes you more stealthy.
 W - the +1 cloak of Lealiket (worn) {rPois Int+3}
   (Okawaru gifted it to you on level 12 of the Dungeon)

   Int:       It affects your intelligence (+3).
   rPois:     It protects you from poison.
Jewellery
 k - the ring of the Tortoise {AC+8}
   (You took it off a deep elf death mage on level 3 of the Elven Halls)

   [ring of protection]

   AC:        It affects your AC (+8).
 s - the ring of the Blue Skies (right hand) {rC+ rN+ AC+4 Int+2}
   (You found it on level 9 of the Dungeon)

   [ring of protection]

   AC:        It affects your AC (+4).
   Int:       It affects your intelligence (+2).
   rC:        It protects you from cold.
   rN:        It protects you from negative energy.
 B - an amulet of faith
 I - a +6 ring of strength
 P - the amulet of Uwnann (around neck) {rN+ Regen+ Str+4 Dex+2 SInv}
   (You found it on level 2 of the Elven Halls)

   [amulet of regeneration]

   Str:       It affects your strength (+4).
   Dex:       It affects your dexterity (+2).
   rN:        It protects you from negative energy.
   SInv:      It lets you see invisible.
   Regen:     It increases your rate of health regeneration.
 R - the ring "Bacaufuir" (left hand) {rElec Will+}
   (You bought it in a shop on level 1 of the Orcish Mines)

   [ring of willpower]

   rElec:     It insulates you from electricity.
   Will:      It increases your willpower.
Wands
 u - a wand of roots (25)
 v - a wand of mindburst (44)
 x - a wand of flame (25)
 F - a wand of light (23)
 J - a wand of charming (1)
 X - a wand of digging (15)
 Z - a wand of polymorph (11)
Scrolls
 l - 8 scrolls of fog
 m - 9 scrolls of teleportation
 p - 10 scrolls of poison
 D - 6 scrolls of magic mapping
 H - 4 scrolls of silence
 K - 6 scrolls of fear
 Q - 2 scrolls of blinking
 Y - 3 scrolls of brand weapon
Potions
 i - 12 potions of attraction
 j - 5 potions of mutation
 n - 9 potions of berserk rage
 o - 9 potions of curing
 r - 3 potions of heal wounds
 t - 8 potions of cancellation
 w - 2 potions of haste
 z - 3 potions of resistance
 C - 2 potions of ambrosia
 G - 6 potions of flight
 L - 6 potions of might
Miscellaneous
 A - a lightning rod (4/4)
 S - a condenser vane


   Skills:
 O Level 27 Fighting
 - Level 24.1(27) Axes
 - Level 14.7(21.0) Maces & Flails
 - Level 16.0(21.9) Polearms
 - Level 25.0 Armour
 - Level 7.0 Dodging
 - Level 13.3 Stealth
 - Level 24.0 Shields
 + Level 20.5 Invocations
 - Level 8.0 Evocations


You had 26 spell levels left.
You didn't know any spells.
Your spell library contained the following spells:

 Spells                   Type           Power      Damage    Failure   Level
 Apportation              Tloc           0%         N/A       91%         1
 Beastly Appendage        Tmut           0%         N/A       91%         1
 Kiss of Death            Conj/Necr      0%         2d5       91%         1
 Magic Dart               Conj           0%         1d3       91%         1
 Necrotise                Necr           0%         1d4       91%         1
 Shock                    Conj/Air       0%         1d3       91%         1
 Slow                     Hex            0%         N/A       91%         1
 Sting                    Tmut/Pois      0%         1d3       91%         1
 Blink                    Tloc           0%         N/A       97%         2
 Call Imp                 Summ           0%         N/A       97%         2
 Ensorcelled Hibernation  Hex/Ice        0%         N/A       97%         2
 Lesser Beckoning         Tloc           0%         N/A       97%         2
 Momentum Strike          Conj/Tloc      0%         3d8       97%         2
 Poisonous Vapours        Pois/Air       0%         N/A       97%         2
 Scorch                   Fire           0%         2d5       97%         2
 Static Discharge         Conj/Air       0%         2-2/arc   97%         2
 Sublimation of Blood     Necr           0%         N/A       97%         2
 Wereblood                Tmut           0%         N/A       97%         2
 Confusing Touch          Hex            0%         N/A       100%        3
 Dazzling Flash           Conj/Hex       0%         N/A       100%        3
 Frozen Ramparts          Ice            0%         1d1       100%        3
 Gell's Gravitas          Tloc           0%         N/A       100%        3
 Hailstorm                Conj/Ice       0%         3d3       100%        3
 Ignite Poison            Fire/Tmut/Pois 0%         N/A       100%        3
 Inner Flame              Hex/Fire       0%         N/A       100%        3
 Mephitic Cloud           Conj/Pois/Air  0%         N/A       100%        3
 Ozocubu's Armour         Ice            0%         N/A       100%        3
 Portal Projectile        Hex/Tloc       0%         N/A       100%        3
 Spider Form              Tmut/Pois      0%         N/A       100%        3
 Stone Arrow              Conj/Erth      0%         3d7       100%        3
 Swiftness                Air            0%         N/A       100%        3
 Teleport Other           Tloc           0%         N/A       100%        3
 Tukima's Dance           Hex            0%         N/A       100%        3
 Vampiric Draining        Necr           0%         2d6       100%        3
 Vhi's Electric Charge    Tloc/Air       0%         N/A       100%        3
 Volatile Blastmotes      Fire/Tloc      0%         2d10      100%        3
 Airstrike                Air            0%         2d(0-16)  100%        4
 Anguish                  Hex/Necr       0%         N/A       100%        4
 Animate Armour           Summ/Erth      0%         N/A       100%        4
 Cause Fear               Hex            0%         N/A       100%        4
 Dispel Undead            Necr           0%         3d6       100%        4
 Flame Wave               Conj/Fire      0%         2d4       100%        4
 Fulminant Prism          Conj/Hex       0%         3d5       100%        4
 Ice Form                 Ice/Tmut       0%         N/A       100%        4
 Iskenderun's Mystic Bla  Conj/Tloc      0%         2d3       100%        4
 Leda's Liquefaction      Hex/Erth       0%         N/A       100%        4
 Manifold Assault         Tloc           0%         N/A       100%        4
 Olgreb's Toxic Radiance  Pois           0%         N/A       100%        4
 Passage of Golubria      Tloc           0%         N/A       100%        4
 Petrify                  Tmut/Erth      0%         N/A       100%        4
 Sticky Flame             Conj/Fire      0%         2d3       100%        4
 Summon Ice Beast         Ice/Summ       0%         N/A       100%        4
 Summon Lightning Spire   Summ/Air       0%         N/A       100%        4
 Agony                    Necr           0%         N/A       100%        5
 Alistair's Intoxication  Tmut/Pois      0%         N/A       100%        5
 Arcjolt                  Conj/Air       0%         1d10      100%        5
 Blade Hands              Tmut           0%         N/A       100%        5
 Borgnjor's Vile Clutch   Necr/Erth      0%         N/A       100%        5
 Freezing Cloud           Conj/Ice/Air   0%         6-21      100%        5
 Irradiate                Conj/Tmut      0%         3d11      100%        5
 Lee's Rapid Deconstruct  Erth           0%         3d4*      100%        5
 Metabolic Englaciation   Hex/Ice        0%         N/A       100%        5
 Silence                  Hex/Air        0%         N/A       100%        5
 Yara's Violent Unravell  Hex/Tmut       0%         3d3       100%        5
 Conjure Ball Lightning   Conj/Air       0%         3x3d6     100%        6
 Dispersal                Tloc           0%         N/A       100%        6
 Eringya's Noxious Bog    Tmut/Pois      0%         N/A       100%        6
 Iron Shot                Conj/Erth      0%         9d1       100%        6
 Plasma Beam              Fire/Air       0%         2x1d11    100%        6
 Simulacrum               Ice/Necr       0%         N/A       100%        6
 Starburst                Conj/Fire      0%         6d3       100%        6
 Statue Form              Tmut/Erth      0%         N/A       100%        6
 Summon Cactus Giant      Summ           0%         N/A       100%        6
 Enfeeble                 Hex            0%         N/A       100%        7
 Ozocubu's Refrigeration  Ice            0%         4d7       100%        7
 Storm Form               Tmut/Air       0%         N/A       100%        7
 Discord                  Hex            0%         N/A       100%        8
 Disjunction              Tloc           0%         N/A       100%        8
 Ignition                 Fire           0%         3d3       100%        8
 Lehudib's Crystal Spear  Conj/Erth      0%         10d2      100%        8
 Maxwell's Capacitive Co  Air            0%         ∞         100%        8
 Chain Lightning          Conj/Air       0%         N/A       100%        9
 Death's Door             Necr           0%         N/A       100%        9
 Dragon's Call            Summ           0%         N/A       100%        9
 Fire Storm               Conj/Fire      0%         5d1       100%        9
 Polar Vortex             Ice            0%         N/A       100%        9
 Shatter                  Erth           0%         3d5*      100%        9


Dungeon Overview and Level Annotations

Branches:
Dungeon (15/15)            Temple (1/1) D:5            Lair (5/5) D:10
 Shoals (4/4) Lair:3        Snake (4/4) Lair:2        Slime (0/5) Lair:4
    Orc (2/2) D:12            Elf (3/3) Orc:2        Vaults (5/5) D:14
  Crypt (3/3) Vaults:3       Tomb (0/3) Crypt:3      Depths (4/4) D:15
   Hell (visited)             Dis (0/7) Hell            Geh (0/7) Hell
    Coc (0/7) Hell            Tar (0/7) Hell            Zot (5/5) Depths:4
  Sewer (visited)          Bailey (visited)           IceCv (visited)
 WizLab (visited)         Desolation (visited)

Altars:
Ashenzari
Cheibriados
Dithmenos
Elyvilon
Fedhas
Gozag
Hepliaklqana
Makhleb
Nemelex Xobeh
Okawaru
Qazlal
Ru
Sif Muna
Trog
Uskayaw
Vehumet
Wu Jian
Xom
Yredelemnul
Zin
The Shining One
Jiyva

Shops:
D:14 :   Orc:1 =*   Orc:2 ![!!   Elf:1 ?   Shoals:3 =   Snake:2 ??[:
Snake:4 =   Vaults:2 [   Vaults:5 !!???

Portals:
Hell: Depths:1 Depths:2 Depths:3 Depths:4
Abyss: Snake:3 Depths:2 Depths:3
Pandemonium: Depths:2
Ziggurat: Depths:4

Annotations:
D:13 2 transporters, Myxzi's ghost, journeyman TrFi; comborobin's ghost, journeyman HODe
Snake:3 2 transporters, fishfloyd's ghost, adept DsSu
Vaults:3 1 runed translucent door, Lukheov's ghost, veteran DrWn
Depths:1 1 runed translucent door, exclusions: obsidian statue and 2 orange crystal statues
Zot:5 1 exclusion


Innate Abilities, Weirdness & Mutations

You have a pair of horns on your head.
You reflexively headbutt those who attack you in melee.
You have large cloven feet.


Message History

You rampage towards the sixfirhy!
You rampage towards the sixfirhy!
You block the sixfirhy's attack.
The sixfirhy hits you but does no damage. x2
You hit the sixfirhy.
The sixfirhy convulses.
You headbutt the sixfirhy!!
The sixfirhy is heavily wounded.
You block the sixfirhy's attack.
You slice the sixfirhy like a ripe choko!!!
You kill the sixfirhy!
The Shining One accepts your kill.
No target in view!
An Ice Fiend comes into view.
The Ice Fiend roars!
You rampage towards the Ice Fiend!
The Ice Fiend calls on the powers of darkness!
Your body is wracked with pain!
You hit the Ice Fiend but do no damage. You slash the Ice Fiend!
The Ice Fiend convulses!!
You headbutt the Ice Fiend!
The Ice Fiend is heavily wounded.
The Ice Fiend claws you! The Ice Fiend freezes you! You resist.
The Ice Fiend barely misses you.
You hit the Ice Fiend but do no damage. You headbutt the Ice Fiend.
The Ice Fiend is heavily wounded.
The Ice Fiend claws you but does no damage.
You block the Ice Fiend's attack.
You carve the Ice Fiend like a ham!!!
The Ice Fiend convulses!!
You kill the Ice Fiend!
The Shining One accepts your kill.
You feel better.
There is a staircase leading out of the dungeon here.
Search for what [Enter for "brand", or ? for help]? acquire Can't find anything matching that.
Search for what [Enter for "acquire", or ? for help]? scroll Search for what [Enter for "scroll", or ? for help]? scroll Search for what [Enter for "scroll", or ? for help]? scroll Search for what [Enter for "scroll", or ? for help]? demon Unknown command.
Okay, then.
Search for what [Enter for "demon", or ? for help]? demon whip Unknown command.
You have escaped!

#### ##.......# #.##.# ####
######..# #.##.# ...#
######..# #.##.# ##.#
##.......# #.##.# #.#
#.......## ##.##.# #.#
#..###### #..##.# #.#####
#..#..### #.###)# ##.....#
#.......####.###.#
..####.#######..@....##....#.#
...........# ###..#..###.#.#.#
..####.##### ######..##......#
.......# ##.......###.#.###
..###..# #.).....###....# ..#
#..# #..###### ##.###
..###..######..###### #.#
...........##.......## #.#
...........###.......# #.#


There were no monsters in sight!

Vanquished Creatures
  5 dread liches
  5 ancient liches
  5 orbs of fire (Zot:5)
  Mara (Vaults:4)
  Sojobo (Vaults:2)
  Josephina (Depths:3)
  Vv (Zot:2)
  Bai Suzhen (Vaults:4)
  Frederick (Crypt:1)
  Vashnia (Snake:3)
  Xtahua (Crypt:1)
  7 Killer Klowns
  Geryon (Hell)
  10 golden dragons
  Jory (Vaults:3)
  Nikola (Elf:1)
  A bone dragon (Crypt:3)
  5 electric golems
  3 doom hounds (Crypt:2)
  A hellephant (Abyss:4)
  A Tzitzimitl (Zot:1)
  A Hell Sentinel (Abyss:4)
  Zenata (D:14)
  16 tentacled monstrosities
  26 titans
  10 deep elf blademasters
  An Ice Fiend (D:1)
  A lich (Crypt:3)
  Asterion (Vaults:2)
  25 Orb Guardians (Zot:5)
  Grunn (Crypt:2)
  8 deep elf master archers
  6 quicksilver dragons
  10 death cobs
  A walking divine tome (Depths:2)
  5 tentacled starspawn
  An Executioner (Depths:1)
  10 ancient champions
  Agnes (Snake:3)
  14 shadow dragons
  12 storm dragons
  13 draconian monks
  9 sphinxes
  Donald (Vaults:2)
  6 tengu reavers
  3 revenants
  Ilsuiw (Shoals:3)
  4 draconian knights
  6 nagarajas (Snake:4)
  An iron dragon (Hell)
  19 frost giants
  16 vault wardens
  7 deep elf sorcerers
  6 draconian scorchers
  20 fire giants
  An imperial myrmidon (Desolation)
  A ghost moth (Zot:3)
  4 orc warlords
  4 curse skulls
  5 deep elf elementalists
  Aizul (Snake:3)
  A juggernaut zombie (Crypt:3)
  2 balrugs
  A cacodemon (Depths:1)
  2 draconian shifters
  8 ghouls
  2 angels (Abyss:4)
  7 war gargoyles
  4 draconian stormcallers
  14 ironbound preservers
  A juggernaut skeleton (Crypt:3)
  8 reapers
  11 ironbound thunderhulks
  32 very ugly things
  9 draconian annihilators
  13 green draconians
  21 stone giants
  5 vampire knights
  21 black draconians
  A bunyip (Abyss:4)
  4 deep elf demonologists
  20 purple draconians
  A halazid warlock (Desolation)
  11 yellow draconians
  The ghost of caec the Grappler, a journeyman DrTm of Hepliaklqana (Snake:1)
  12 red draconians
  A lorocyproca (Hell)
  9 spark wasps
  8 deep elf annihilators
  Azrael (D:15)
  7 dire elephants
  21 white draconians
  The ghost of turdburglar the Spear-Bearer, a journeyman HOBe of Trog (Lair:2)
  10 merfolk impalers
  2 blizzard demons
  2 crystal guardians (Vaults:4)
  3 entropy weavers
  2 green deaths
  4 eidola
  9 ettins
  7 deep elf death magi
  10 fire dragons
  6 jiangshi
  2 deep elf high priests (Vaults:5)
  12 yaktaur captains
  4 spriggan zombies
  5 ragged hierophants (Desolation)
  A fenstrider witch zombie (Crypt:3)
  7 great orbs of eyes
  3 merfolk javelineers
  9 ice dragons
  The ghost of BiteMe the Arsonist, a journeyman DrFE of Vehumet (Orc:1)
  3 salamander tyrants
  4 servants of whispers (Desolation)
  A hell beast (Hell)
  An anaconda (shapeshifter) (Vaults:5)
  5 rakshasas
  39 vault guards
  7 peacekeepers
  5 hydras
  A quicksilver dragon skeleton (Crypt:3)
  An ice dragon (shapeshifter) (Elf:3)
  5 ogre magi
  Harold (D:10)
  2 merfolk avatars
  9 centaur warriors
  A radroach (shapeshifter) (D:14)
  8 ironbound frosthearts
  3 spriggan air magi
  A two-headed ogre (shapeshifter) (Vaults:5)
  A satyr (shapeshifter) (Depths:4)
  16 anacondas
  2 satyrs
  An alligator snapping turtle (Shoals:2)
  5 boulder beetles
  Erica (D:9)
  8 merfolk aquamancers
  3 death knights
  8 vampire magi
  21 two-headed ogres
  7 death yaks
  13 naga warriors
  4 deep troll shamans
  12 naga sharpshooters
  10 deep troll earth magi
  26 dancing weapons
  2 spriggan berserkers
  5 orc high priests
  4 thrashing horrors (Abyss:3)
  2 storm dragon zombies (Hell)
  A titan zombie (Crypt:3)
  11 sun demons
  2 tengu warriors
  6 soul eaters
  5 shock serpents
  5 hell knights
  26 deep elf knights
  Urug (D:10)
  Sonja (Orc:1)
  3 shadow wraiths
  2 wretched stars
  5 salamander mystics
  A fire crab (Lair:5)
  An iron troll (shapeshifter) (Elf:3)
  5 sixfirhies
  7 skysharks
  39 skeletal warriors
  A death drake (Depths:4)
  6 iron trolls
  5 anaconda zombies (Hell)
  43 deep trolls
  2 bunyip zombies (Crypt:3)
  3 spark wasp zombies (Hell)
  2 goliath frogs (Lair:5)
  4 naga ritualists
  13 sea snakes
  26 deep elf archers
  7 flayed ghosts
  5 glowing orange brains
  5 lindwurms
  13 wizards
  Pikel (D:4)
  4 bog bodies
  6 starcursed masses (Abyss:4)
  12 phantasmal warriors
  17 ironbound convokers
  A tengu zombie (Hell)
  21 harpies
  30 deep elf pyromancers
  35 deep elf zephyrmancers
  3 mana vipers (Snake:3)
  6 orc sorcerers
  10 necromancers
  A shadow dragon zombie (Hell)
  11 fauns
  2 draconians (Abyss:4)
  17 salamanders
  16 manticores
  2 fire giant zombies (Hell)
  15 orc knights
  10 cyclopes
  A shining eye (Abyss:4)
  A sphinx skeleton (Vaults:4)
  2 human zombies (Vaults:3)
  2 stone giant zombies (Hell)
  43 ugly things
  16 moths of wrath
  A worldbinder (Abyss:4)
  7 elephants
  A shock serpent zombie (Crypt:3)
  An ice statue (IceCv)
  A dire elephant zombie (Crypt:3)
  7 merfolk sirens
  8 guardian serpents
  10 smoke demons
  2 frost giant skeletons
  2 torpor snails (Lair:5)
  A water nymph (shapeshifter) (Depths:2)
  8 water nymphs
  An eye of devastation (Abyss:3)
  2 apocalypse crabs (Abyss:4)
  2 molten gargoyles
  49 black mambas
  6 rust devils
  9 naga magi
  A demonic crawler (Hell)
  2 orange demons
  20 cane toads
  An elf skeleton (Vaults:5)
  19 vault sentinels
  8 gargoyles
  4 unseen horrors (D:11)
  6 kobold demonologists
  Maggie (D:6)
  7 komodo dragons
  A storm dragon simulacrum (Depths:3)
  4 rime drakes
  A hellion (Abyss:4)
  26 yaktaurs
  A grey draconian zombie (Crypt:2)
  Psyche (D:10)
  A sea snake zombie (Hell)
  An efreet (Abyss:4)
  A golden dragon simulacrum (Depths:3)
  7 tengu conjurers
  11 freezing wraiths
  A redback zombie (Crypt:3)
  A death yak skeleton (Crypt:1)
  An anaconda simulacrum (Hell)
  2 ice devils
  5 ancient zymes
  2 pale draconian skeletons
  A red devil (Depths:2)
  12 trolls
  23 merfolk
  3 meliai (D:14)
  A sea snake skeleton (Hell)
  11 polar bears
  27 saltlings (Desolation)
  A shadow dragon simulacrum (Vaults:3)
  12 wind drakes
  A meliai (shapeshifter) (D:13)
  6 raiju (Abyss:4)
  4 snapping turtles
  A hornet (Vaults:5)
  22 blink frogs
  A dream sheep (shapeshifter) (D:15)
  A radroach zombie (Crypt:2)
  A sphinx simulacrum (Depths:3)
  2 tyrant leeches (Lair:5)
  Prince Ribbit (Bailey)
  An alligator zombie (Hell)
  12 small abominations
  A human simulacrum (Vaults:5)
  45 slime creatures
  14 dream sheep
  2 ettin zombies
  A centaur simulacrum (D:11)
  Sigmund (D:3)
  29 water elementals
  An ice dragon skeleton (Crypt:2)
  64 yaks
  A ynoxinul (Abyss:4)
  8 air elementals
  12 wraiths
  2 shadows
  3 basilisks
  6 vampires
  7 fire elementals
  5 wyverns
  17 humans
  2 steam dragons
  18 vampire mosquitoes
  4 neqoxecs
  A yaktaur simulacrum (Vaults:4)
  A faun zombie (Crypt:1)
  5 wargs
  A glowing shapeshifter zombie (Vaults:3)
  34 nagas
  4 two-headed ogre zombies
  21 water moccasins
  4 acid dragons
  18 large abominations
  A floating eye (shapeshifter) (D:15)
  A hell hound (D:15)
  A hydra simulacrum (Hell)
  A faun skeleton (Crypt:1)
  29 orc warriors
  5 ice beasts
  A black bear (D:4)
  3 sky beasts
  A merfolk simulacrum (Crypt:3)
  13 ogres
  An elephant zombie (Crypt:2)
  A lindwurm skeleton (Crypt:2)
  9 centaurs
  29 wolves
  A hog zombie (Crypt:2)
  3 phantoms
  31 bullfrogs
  8 kobold brigands
  A gnoll sergeant (D:11)
  3 necrophages
  4 scorpions
  2 glowing shapeshifter simulacra (Depths:3)
  4 earth elementals
  A two-headed ogre simulacrum (D:11)
  8 troll zombies (WizLab)
  5 wights (WizLab)
  9 killer bees
  A troll skeleton (Crypt:2)
  2 electric eels (D:10)
  2 spriggan skeletons
  8 howler monkeys
  A shapeshifter skeleton (Crypt:3)
  2 jellies
  16 orc priests
  10 hounds
  3 sleepcaps
  2 gnoll boudas (D:5)
  3 iguanas
  Natasha (thrice) (D:4)
  23 orc wizards
  6 hell rats (Lair:4)
  2 troll simulacra (D:11)
  2 spriggan simulacra (D:11)
  10 ogre zombies
  A tengu skeleton (Crypt:1)
  A hound zombie (Crypt:1)
  12 gnolls
  7 river rats
  8 adders
  2 naga simulacra (D:11)
  A swamp drake skeleton (Crypt:1)
  A shadow imp (D:6)
  4 white imps
  5 ufetubi
  2 worms
  3 dart slugs
  66 orcs
  7 bats
  7 endoplasms
  12 giant cockroaches
  13 goblins
  12 hobgoblins
  9 quokkas
  12 ball pythons
  5 frilled lizards
  3 goblin skeletons (D:12)
  2 goblin zombies (D:12)
  A hobgoblin skeleton (D:12)
  4 hobgoblin zombies
  A jackal zombie (Crypt:2)
  34 kobolds
  6 orc skeletons (D:12)
  10 orc zombies (D:12)
  23 rats
  2 spectral weapons (Vaults:2)
2759 creatures vanquished.

Vanquished Creatures (collateral kills)
  An orb of fire (Zot:5)
  A Killer Klown (Zot:5)
2 creatures vanquished.

Vanquished Creatures (others)
  2 deep elf knights (Elf:1)
  A harpy (Vaults:3)
  2 wizards
  A deep elf pyromancer (Elf:1)
  A deep elf zephyrmancer (Elf:1)
  2 salamanders (Snake:3)
  A black mamba (Snake:3)
  An unseen horror (D:11)
  A yaktaur zombie (Vaults:4)
  A wind drake (Shoals:4)
  A saltling (Desolation)
  2 air elementals (Shoals:4)
  3 water elementals (Shoals:4)
  2 humans
  A golden eye (shapeshifter) (Abyss:4)
  2 lurking horrors (Abyss:4)
  9 starspawn tentacles (Abyss:4)
33 creatures vanquished.

Grand Total: 2794 creatures vanquished

Notes
Turn   | Place    | Note
-------+----------+-------------------------------------------
     0 | D:1      | ketchum the Minotaur Fighter began the quest for the Orb.
     0 | D:1      | Reached XP level 1. HP: 19/19 MP: 0/0
   160 | D:1      | Reached XP level 2. HP: 16/26 MP: 1/1
   436 | D:1      | Reached XP level 3. HP: 31/31 MP: 2/2
  1494 | D:2      | Reached XP level 4. HP: 35/39 MP: 3/3
  2007 | D:3      | Noticed Sigmund
  2020 | D:3      | Killed Sigmund
  2021 | D:3      | Reached skill level 5 in Shields
  2021 | D:3      | Reached XP level 5. HP: 25/45 MP: 4/4
  2317 | D:3      | Reached XP level 6. HP: 48/51 MP: 5/5
  2343 | D:3      | Found a shadowy altar of Dithmenos.
  2743 | D:4      | Noticed Natasha
  2748 | D:4      | Killed Natasha
  2754 | D:4      | Found a glowing drain.
  2768 | Sewer    | Entered a sewer
  3481 | D:4      | Noticed Natasha
  3485 | D:4      | Noticed Pikel
  3486 | D:4      | Killed Natasha
  3498 | D:4      | Reached skill level 5 in Armour
  3498 | D:4      | Reached XP level 7. HP: 41/57 MP: 6/6
  4042 | D:4      | Killed Pikel
  4043 | D:4      | Reached XP level 8. HP: 34/64 MP: 7/7
  4366 | D:4      | You fall into a shaft and drop 1 floor!
  4366 | D:5      | Entered Level 5 of the Dungeon
  4374 | D:5      | Found a shimmering blue altar of Sif Muna.
  4876 | D:5      | Found a staircase to the Ecumenical Temple.
  4885 | D:5      | Reached skill level 10 in Axes
  4906 | Temple   | Entered the Ecumenical Temple
  4911 | Temple   | Became a worshipper of Warmaster Okawaru
  5878 | D:5      | Reached XP level 9. HP: 46/71 MP: 8/8
  6002 | D:5      | Found a burning altar of Makhleb.
  6003 | D:5      | Found a bloodstained altar of Trog.
  6104 | D:6      | Reached skill level 4 in Fighting
  6250 | D:6      | Reached * piety under Okawaru
  6633 | D:6      | Reached skill level 5 in Fighting
  6777 | D:6      | Reached skill level 10 in Armour
  6780 | D:6      | Identified the +0 ring mail of Compassion {rF+}
  6946 | D:6      | Noticed Maggie
  6992 | D:6      | Killed Maggie
  6992 | D:6      | Reached ** piety under Okawaru
  7495 | D:6      | Found a basalt altar of Yredelemnul.
  7564 | D:7      | Noticed a kobold demonologist
  7567 | D:7      | Noticed a kobold demonologist
  7809 | D:7      | Reached skill level 1 in Invocations
  7815 | D:7      | Found an opulent altar of Gozag.
  7860 | D:7      | Noticed a kobold demonologist
  7864 | D:7      | Noticed a kobold demonologist
  7885 | D:7      | Killed a kobold demonologist
  7895 | D:7      | Killed a kobold demonologist
  7895 | D:7      | Reached *** piety under Okawaru
  7896 | D:7      | Reached XP level 10. HP: 80/83 MP: 10/10
  7957 | D:7      | Noticed a rust devil
  7963 | D:7      | Noticed a smoke demon
  7983 | D:7      | Noticed a smoke demon
  8257 | D:7      | Noticed a sixfirhy
  8259 | D:7      | Reached skill level 6 in Fighting
  8404 | D:7      | Noticed a rust devil
  8857 | D:7      | Found a radiant altar of Vehumet.
  9107 | D:8      | Reached skill level 10 in Fighting
  9107 | D:8      | Reached XP level 11. HP: 101/101 MP: 12/12
  9122 | D:8      | Gained mutation: You have sharp toenails. [potion of
                  | mutation]
  9261 | D:8      | Found a stormy altar of Qazlal.
  9560 | D:8      | Reached **** piety under Okawaru
 10104 | D:9      | Identified the ring of the Blue Skies {rC+ rN+ AC+4 Int+2}
 10126 | D:9      | Reached skill level 11 in Fighting
 10634 | D:9      | Found a hazy altar of Hepliaklqana.
 10638 | D:9      | Found a snail-covered altar of Cheibriados.
 10746 | D:9      | Noticed Erica
 10777 | D:9      | Killed Erica
 10777 | D:9      | Reached ***** piety under Okawaru
 11343 | D:10     | Entered Level 10 of the Dungeon
 11343 | D:10     | Noticed Urug
 11349 | D:10     | Killed Urug
 11593 | D:10     | Received a gift from Okawaru
 11762 | D:10     | Reached XP level 12. HP: 106/112 MP: 13/13
 11789 | D:10     | Found a flagged portal.
 11822 | Bailey   | Entered a bailey
 11921 | Bailey   | Reached skill level 12 in Fighting
 11947 | Bailey   | Noticed Prince Ribbit
 11947 | Bailey   | Noticed a vault guard
 11963 | Bailey   | Killed Prince Ribbit
 11964 | Bailey   | Reached skill level 15 in Armour
 11966 | Bailey   | Killed a vault guard
 11974 | Bailey   | Noticed a vault guard
 11987 | Bailey   | Killed a vault guard
 12627 | D:10     | Found a staircase to the Lair.
 12986 | D:10     | Noticed Psyche
 12986 | D:10     | Noticed a two-headed ogre
 12993 | D:10     | Killed Psyche
 12997 | D:10     | Killed a two-headed ogre
 13473 | D:11     | Reached skill level 13 in Fighting
 13476 | D:11     | Reached skill level 5 in Maces & Flails
 13642 | D:11     | Found a frozen archway.
 13676 | IceCv    | Entered an ice cave
 14208 | IceCv    | Identified the +4 kite shield of the First Snow {-Cast Harm
                  | rC- Str+8 Stlth+} (Okawaru gifted it to you in an ice cave)
 14208 | IceCv    | Received a gift from Okawaru
 14460 | IceCv    | Reached ****** piety under Okawaru
 14529 | IceCv    | Reached XP level 13. HP: 118/122 MP: 14/14
 14558 | IceCv    | Noticed a frost giant
 14587 | IceCv    | Killed a frost giant
 15606 | D:11     | Reached skill level 15 in Axes
 15804 | D:11     | Identified the +0 robe of Lies {Regen+} (Okawaru gifted it
                  | to you on level 11 of the Dungeon)
 15804 | D:11     | Received a gift from Okawaru
 16076 | D:11     | Found an iron altar of Okawaru.
 16326 | D:11     | Identified the +4 long sword "Jealyshru" {heavy, Str+3}
 16507 | D:11     | Identified the staff of air "Momp" {rElec rPois Str+3
                  | Int+3}
 16510 | D:11     | Got the Handbook of Supportive Misery
 16781 | D:12     | Found a staircase to the Orcish Mines.
 16926 | D:12     | Identified the +1 cloak of Lealiket {rPois Int+3} (Okawaru
                  | gifted it to you on level 12 of the Dungeon)
 16926 | D:12     | Received a gift from Okawaru
 17158 | D:10     | Noticed Harold
 17176 | D:10     | Killed Harold
 17431 | Lair:1   | Entered Level 1 of the Lair of Beasts
 17442 | Lair:1   | Reached skill level 10 in Shields
 17571 | Lair:1   | Reached XP level 14. HP: 123/130 MP: 15/15
 17715 | Lair:1   | Reached skill level 14 in Fighting
 17992 | Lair:1   | Found a runed translucent door.
 18033 | Lair:1   | Noticed a reaper
 18041 | Lair:1   | Killed a reaper
 18812 | Lair:2   | Found a runed translucent door.
 18836 | Lair:2   | Found a staircase to the Snake Pit.
 18888 | Lair:2   | Identified a scroll of acquirement
 19049 | Lair:2   | You fall into a shaft and drop 2 floors!
 19059 | Lair:3   | Received a gift from Okawaru
 19127 | Lair:2   | Noticed turdburglar's ghost (journeyman HOBe)
 19513 | Lair:2   | Killed turdburglar's ghost
 19520 | Lair:2   | Got the Catalogue of Rotting Breccia
 20040 | Lair:3   | Reached skill level 15 in Fighting
 20937 | Lair:4   | Found a staircase to the Slime Pits.
 20937 | Lair:4   | Found a viscous altar of Jiyva.
 21498 | Orc:1    | Entered Level 1 of the Orcish Mines
 21595 | Orc:1    | Noticed Sonja
 21606 | Abyss:1  | Cast into level 1 of the Abyss (Sonja)
 21723 | Abyss:2  | Reached skill level 16 in Fighting
 21757 | Abyss:2  | Identified the +1 pair of gloves of Okawaru's Approval
                  | {Harm +Blink} (Okawaru gifted it to you on level 2 of the
                  | Abyss)
 21757 | Abyss:2  | Received a gift from Okawaru
 21814 | Abyss:2  | Found a corrupted altar of Lugonu.
 21816 | Abyss:2  | Noticed a balrug
 21843 | Abyss:2  | Noticed a bone dragon
 22189 | Abyss:3  | Found a corrupted altar of Lugonu.
 22190 | Abyss:3  | Found a corrupted altar of Lugonu.
 22190 | Abyss:3  | Found a corrupted altar of Lugonu.
 22191 | Abyss:3  | Found a corrupted altar of Lugonu.
 22382 | Abyss:3  | Reached XP level 15. HP: 95/145 MP: 16/16
 22399 | Abyss:3  | Found a corrupted altar of Lugonu.
 22417 | Orc:1    | Escaped the Abyss
 22740 | Orc:1    | Killed Sonja
 22741 | Orc:1    | Reached skill level 10 in Maces & Flails
 23139 | Orc:2    | Entered Level 2 of the Orcish Mines
 25008 | Orc:2    | Found a staircase to the Elven Halls.
 25125 | Orc:2    | Reached skill level 17 in Fighting
 25164 | Orc:1    | Found Qoggol's General Store.
 25230 | Orc:1    | Found Uheisoto's Jewellery Shoppe.
 25310 | Orc:1    | Found a large runed translucent door.
 25310 | Orc:1    | Found a large runed translucent door.
 25318 | Orc:1    | Noticed BiteMe's ghost (journeyman DrFE)
 25852 | Orc:1    | Received a gift from Okawaru
 25852 | Orc:1    | Found the +18 shield of the Gong {Loud rN+ Will+ rCorr
                  | EV-5}
 26582 | Orc:2    | Found Seppuzor's Distillery.
 26582 | Orc:2    | Found Yrot Xeuzus's Distillery.
 26584 | Orc:2    | Found Vasuiddouli's Distillery.
 26584 | Orc:2    | Found Vuwap's Armour Boutique.
 26594 | Orc:2    | Bought a potion of heal wounds for 70 gold pieces
 26597 | Orc:2    | Bought a potion of heal wounds for 75 gold pieces
 26602 | Orc:2    | Bought a potion of berserk rage for 85 gold pieces
 26602 | Orc:2    | Bought a potion of haste for 170 gold pieces
 26602 | Orc:2    | Acquired a +1 pair of gloves of dexterity
 26776 | Orc:1    | Killed BiteMe's ghost
 27015 | Lair:5   | Entered Level 5 of the Lair of Beasts
 27124 | Lair:5   | Reached skill level 18 in Fighting
 27156 | Lair:5   | Reached skill level 1 in Dodging
 27471 | Lair:5   | Reached skill level 5 in Dodging
 27483 | Lair:5   | Got the Discursus on the Twinkling Tempest
 27508 | Lair:5   | Identified the +7 acid dragon scales of the Beggar {Harm
                  | +Inv Fly rCorr Slay-6} (Okawaru gifted it to you on level 5
                  | of the Lair of Beasts)
 27508 | Lair:5   | Received a gift from Okawaru
 29262 | D:13     | Reached XP level 16. HP: 134/158 MP: 17/17
 29483 | D:13     | Noticed comborobin's ghost (journeyman HODe)
 29582 | D:13     | Noticed Myxzi's ghost (journeyman TrFi)
 29583 | D:13     | Identified the staff of cold "Rifagam" {rPois rC+ Int+3}
 29588 | D:13     | Found a transporter.
 29592 | D:13     | Found a transporter.
 30262 | D:14     | Received a gift from Okawaru
 30287 | D:14     | Reached skill level 19 in Fighting
 30666 | D:14     | Found Emnopras's Book Emporium.
 31144 | D:14     | Found a gate to the Vaults.
 31284 | D:15     | Entered Level 15 of the Dungeon
 31454 | D:15     | Found a staircase to the Depths.
 31484 | D:15     | Reached skill level 20 in Fighting
 32067 | D:15     | Noticed Azrael
 32090 | D:15     | Killed Azrael
 32344 | D:15     | Received a gift from Okawaru
 32660 | D:15     | Reached skill level 21 in Fighting
 33204 | Snake:1  | Entered Level 1 of the Snake Pit
 33770 | Snake:1  | Found a runed translucent door.
 33774 | Snake:1  | Noticed caec's ghost (journeyman DrTm)
 34313 | Snake:1  | Killed caec's ghost
 34314 | Snake:1  | Reached XP level 17. HP: 176/176 MP: 18/18
 34547 | Snake:2  | Reached skill level 22 in Fighting
 34807 | Snake:2  | Found Hufiekk's Book Emporium.
 34809 | Snake:2  | Found Cyukhe's Armour Shoppe.
 34811 | Snake:2  | Found Veawyedu's Magic Scroll Emporium.
 34819 | Snake:2  | Bought a scroll of blinking for 105 gold pieces
 34819 | Snake:2  | Bought a scroll of brand weapon for 133 gold pieces
 34819 | Snake:2  | Bought a scroll of teleportation for 42 gold pieces
 34819 | Snake:2  | Bought a scroll of fear for 56 gold pieces
 35184 | Snake:2  | Found Caen's Magic Scroll Boutique.
 35192 | Snake:2  | Bought a scroll of fear for 48 gold pieces
 35245 | Snake:2  | Acquired 840 gold pieces
 35279 | Snake:3  | Noticed Aizul
 35291 | Snake:3  | Killed Aizul
 35582 | Snake:3  | Identified the +0 pair of gloves of Hadjma {Regen+ Stlth+}
                  | (Okawaru gifted it to you on level 3 of the Snake Pit)
 35582 | Snake:3  | Received a gift from Okawaru
 35866 | Snake:3  | Reached skill level 23 in Fighting
 36392 | Snake:3  | Found a transporter.
 36395 | Snake:3  | Noticed fishfloyd's ghost (adept DsSu)
 36397 | Snake:3  | Found a one-way gate to the infinite horrors of the Abyss.
 36410 | Snake:3  | Found a transporter.
 36412 | Snake:3  | Noticed Agnes
 36425 | Snake:3  | Killed Agnes
 36507 | Snake:3  | Noticed Vashnia
 36541 | Snake:3  | Killed Vashnia
 36541 | Snake:3  | Received a gift from Okawaru
 36541 | Snake:3  | Found the +4 consecrated labrys {holy, Valiant Fragile Fly
                  | SInv}
 36542 | Snake:3  | Reached skill level 24 in Fighting
 37179 | Shoals:1 | Entered Level 1 of the Shoals
 37515 | Shoals:1 | Identified the +4 tower shield "Meappats" {rF+}
 38139 | Shoals:2 | Identified the +5 hand axe of Plog {speed, Str+2} (Okawaru
                  | gifted it to you on level 2 of the Shoals)
 38139 | Shoals:2 | Received a gift from Okawaru
 39110 | Shoals:3 | Reached XP level 18. HP: 192/192 MP: 19/19
 39163 | Shoals:3 | Identified the +0 battleaxe of Ointment {pain, *Corrode
                  | Will+ MP+9 Dex+8} (Okawaru gifted it to you on level 3 of
                  | the Shoals)
 39163 | Shoals:3 | Received a gift from Okawaru
 39590 | Shoals:3 | Noticed Ilsuiw
 39661 | Shoals:3 | Killed Ilsuiw
 39754 | Shoals:3 | Found Qyliunahi's Jewellery Shop.
 39894 | Shoals:3 | Received a gift from Okawaru
 40321 | Shoals:4 | Entered Level 4 of the Shoals
 40321 | Shoals:4 | Found a radiant altar of Vehumet.
 40469 | Shoals:4 | Paralysed by an air elemental for 1 turns
 40473 | Shoals:4 | Paralysed by an air elemental for 1 turns
 40478 | Shoals:4 | Paralysed by an air elemental for 1 turns
 40718 | Shoals:4 | Identified the +8 shortbow of Yheonue {freeze, Will+ rCorr
                  | Str-3}
 42131 | Shoals:4 | Paralysed by an air elemental for 1 turns
 42137 | Shoals:4 | Paralysed by an air elemental for 1 turns
 42163 | Shoals:4 | Paralysed by an air elemental for 1 turns
 42168 | Shoals:4 | Paralysed by an air elemental for 1 turns
 42273 | Shoals:4 | Paralysed by an air elemental for 1 turns
 42276 | Shoals:4 | Paralysed by an air elemental for 1 turns
 42338 | Shoals:4 | Reached skill level 15 in Shields
 42416 | Shoals:4 | Reached skill level 1 in Stealth
 43030 | Shoals:4 | Got a barnacled rune of Zot
 43353 | Snake:4  | Entered Level 4 of the Snake Pit
 43592 | Snake:4  | Found Reaqio's Jewellery Emporium.
 43896 | Snake:4  | Received a gift from Okawaru
 44916 | Snake:4  | Reached skill level 5 in Invocations
 45087 | Snake:4  | Reached XP level 19. HP: 175/199 MP: 21/21
 45240 | Snake:4  | Got a serpentine rune of Zot
 45595 | Vaults:1 | Entered Level 1 of the Vaults
 45595 | Vaults:1 | Noticed Zenata
 45616 | D:14     | Killed Zenata
 46009 | D:14     | Received a gift from Okawaru
 46886 | Vaults:1 | Received a gift from Okawaru
 47685 | Vaults:1 | Received a gift from Okawaru
 48898 | Vaults:2 | Identified the +6 hand axe of Okawaru's Whim {flame, rC+
                  | rN+ SInv} (Okawaru gifted it to you on level 2 of the
                  | Vaults)
 48898 | Vaults:2 | Received a gift from Okawaru
 48935 | Vaults:2 | Found Oggirhai's Armour Emporium.
 49004 | Vaults:2 | Noticed Asterion
 49018 | Vaults:2 | Killed Asterion
 49114 | Vaults:2 | Found a crumbling gateway.
 49167 | Desolati | Entered the Desolation of Salt
 49207 | Desolati | Reached XP level 20. HP: 178/207 MP: 25/25
 49255 | Desolati | Identified the +11 plate armour of Uhuwn {Str+2} (Okawaru
                  | gifted it to you in the Desolation of Salt)
 49255 | Desolati | Received a gift from Okawaru
 51093 | Vaults:2 | Found a portal to a secret trove of treasure.
 51150 | Vaults:2 | Noticed Donald
 51177 | Vaults:2 | Killed Donald
 52849 | Vaults:3 | Reached skill level 1 in Polearms
 53130 | Vaults:3 | Identified the +0 hat of Onumuh {-Tele +Inv rElec Dex+2}
                  | (Okawaru gifted it to you on level 3 of the Vaults)
 53130 | Vaults:3 | Received a gift from Okawaru
 53155 | Vaults:3 | Reached skill level 5 in Polearms
 53329 | Vaults:3 | Found a runed translucent door.
 53338 | Vaults:3 | Noticed Lukheov's ghost (veteran DrWn)
 53344 | Vaults:3 | Identified the +6 scimitar of the Lurker {spect, +Blink}
 53496 | Vaults:3 | Noticed Sojobo
 53508 | Vaults:3 | Paralysed by an air elemental for 1 turns
 53580 | Abyss:3  | Cast into level 3 of the Abyss (a wizard)
 53636 | Abyss:3  | Paralysed by a great orb of eyes for 3 turns
 53680 | Abyss:3  | Gained mutation: You are frail. (-10% HP) [a neqoxec]
 53685 | Abyss:3  | Paralysed by accursed screaming for 1 turns
 53922 | Abyss:4  | Found a corrupted altar of Lugonu.
 54515 | Vaults:3 | Escaped the Abyss
 54680 | Vaults:3 | Reached skill level 10 in Polearms
 54726 | Vaults:3 | Identified the +0 scale mail of Ugiucs {Dex+4 Stlth-}
                  | (Okawaru gifted it to you on level 3 of the Vaults)
 54726 | Vaults:3 | Received a gift from Okawaru
 54744 | Vaults:3 | Paralysed by an air elemental for 1 turns
 55449 | Vaults:3 | Found a staircase to the Crypt.
 55649 | Vaults:3 | Paralysed by an air elemental for 1 turns
 55653 | Vaults:3 | Paralysed by an air elemental for 1 turns
 55655 | Vaults:3 | Paralysed by an air elemental for 1 turns
 55658 | Vaults:3 | Paralysed by an air elemental for 1 turns
 55661 | Vaults:3 | Paralysed by an air elemental for 1 turns
 55665 | Vaults:3 | Paralysed by an air elemental for 1 turns
 55667 | Vaults:3 | Paralysed by an air elemental for 1 turns
 56174 | Orc:1    | Bought the ring "Bacaufuir" {rElec Will+} for 546 gold
                  | pieces
 56355 | Depths:1 | Entered Level 1 of the Depths
 56401 | Depths:1 | Found a gateway to Hell.
 56574 | Depths:1 | Found a glowing golden altar of the Shining One.
 56985 | Depths:1 | Reached XP level 21. HP: 190/191 MP: 26/26
 57077 | Depths:1 | Found the ring of the Mage {Wiz Archmagi}
 57204 | Depths:1 | Found a runed translucent door.
 57731 | Depths:2 | Lost mutation: You are frail. (-10% HP) [potion of
                  | mutation]
 57731 | Depths:2 | Lost mutation: You have sharp toenails. [potion of
                  | mutation]
 57731 | Depths:2 | Gained mutation: You are robust. (+10% HP) [potion of
                  | mutation]
 58348 | Abyss:4  | Cast into level 4 of the Abyss (a wizard)
 58567 | Abyss:4  | Identified the +0 kite shield of the Thoughtful Lovers
                  | {+Inv rElec Int+4 Stlth-} (Okawaru gifted it to you on
                  | level 4 of the Abyss)
 58567 | Abyss:4  | Received a gift from Okawaru
 58746 | Abyss:4  | Reached skill level 25 in Fighting
 58748 | Depths:2 | Escaped the Abyss
 59231 | Depths:2 | Found a one-way gate leading to the halls of Pandemonium.
 60392 | Depths:3 | Identified the staff of cold "Yvuqu" {rC+ Str+4}
 60392 | Depths:3 | Identified the ring of Ytialloj {Ice Dex+3 Stlth+}
 60392 | Depths:3 | Noticed Josephina
 60987 | Depths:3 | Received a gift from Okawaru
 62009 | Depths:3 | Killed Josephina
 62099 | Depths:4 | Entered Level 4 of the Depths
 63075 | Depths:4 | Reached XP level 22. HP: 248/248 MP: 27/27
 63758 | Depths:4 | Found a one-way gateway to a ziggurat.
 63830 | Depths:4 | Received a gift from Okawaru
 65657 | Vaults:2 | Paralysed by an air elemental for 1 turns
 65662 | Vaults:2 | Paralysed by an air elemental for 1 turns
 65668 | Vaults:2 | Paralysed by an air elemental for 1 turns
 65671 | Vaults:2 | Paralysed by an air elemental for 1 turns
 65966 | Vaults:3 | Noticed Jory
 65994 | Vaults:3 | Killed Jory
 66617 | Vaults:4 | Noticed a dread lich
 66622 | Vaults:4 | Killed a dread lich
 66635 | Vaults:4 | Identified the +2 hat of Oroamm {Rampage rPois rC+ Int-2}
                  | (Okawaru gifted it to you on level 4 of the Vaults)
 66635 | Vaults:4 | Received a gift from Okawaru
 66882 | Vaults:4 | Noticed Bai Suzhen
 66913 | Vaults:4 | Killed Bai Suzhen
 67183 | Vaults:4 | Noticed Mara
 67229 | Vaults:4 | Killed Mara
 68373 | Elf:1    | Entered Level 1 of the Elven Halls
 68766 | Elf:1    | Noticed Nikola
 68777 | Elf:1    | Killed Nikola
 69023 | Elf:1    | Received a gift from Okawaru
 69385 | Elf:1    | Found Cerphith's Magic Scroll Shoppe.
 69389 | Elf:1    | Bought a scroll of magic mapping for 90 gold pieces
 69628 | Elf:2    | Identified the amulet of Uwnann {rN+ Regen+ Str+4 Dex+2
                  | SInv}
 69685 | Elf:2    | Found a runed translucent gate.
 69685 | Elf:2    | Found a runed translucent gate.
 69686 | Elf:2    | Found a runed translucent gate.
 69930 | Elf:2    | Paralysed by an air elemental for 1 turns
 70235 | Elf:2    | Reached XP level 23. HP: 255/257 MP: 28/28
 70520 | Elf:2    | Reached skill level 1 in Evocations
 70567 | Elf:3    | Entered Level 3 of the Elven Halls
 70799 | Elf:3    | Got the Catalogue of the Neverending Coins
 70958 | Elf:3    | Acquired a manual of Stealth
 70963 | Elf:3    | Paralysed by an air elemental for 1 turns
 70969 | Elf:3    | Paralysed by an air elemental for 1 turns
 71304 | Elf:3    | Received a gift from Okawaru
 71312 | Elf:3    | Identified the ring "Qelukiak" {Fire rPois Int+4 Dex-3}
 71351 | Elf:3    | Paralysed by an air elemental for 1 turns
 71362 | Abyss:4  | Cast into level 4 of the Abyss (a deep elf demonologist)
 71383 | Abyss:4  | Found a corrupted altar of Lugonu.
 71405 | Abyss:4  | Found a corrupted altar of Lugonu.
 71486 | Abyss:4  | Reached skill level 5 in Stealth
 71489 | Abyss:4  | Found a transporter.
 71561 | Abyss:4  | Found a transporter.
 71564 | Abyss:4  | Got an abyssal rune of Zot
 71600 | Arena    | Entered the Arena
 71626 | Abyss:4  | Found a corrupted altar of Lugonu.
 71758 | Abyss:4  | Reached skill level 10 in Invocations
 71765 | Elf:3    | Escaped the Abyss
 71884 | Elf:3    | Identified the +6 trident of Risk Management {heavy, Will+}
 71884 | Elf:3    | Identified the ring of Ywytoz {Ice rElec}
 72920 | Elf:3    | Identified the +4 dagger "Nojoofao" {freeze, Contam rPois
                  | Int+2 Dex+6}
 73037 | Elf:3    | Identified the +7 plate armour "Fesmum" {Int+3}
 73049 | Elf:3    | Identified the +4 sling "Limp" {speed, rElec Int+3}
 73324 | Elf:3    | Reached skill level 5 in Evocations
 73343 | Elf:3    | Got Gong's Secrets of Conduction and the Winter
 73356 | Elf:3    | Identified the +0 pair of boots of Duck's Teeth {Int+5}
 73387 | Elf:3    | Got An Introduction to Witchery
 74194 | Depths:4 | Received a gift from Okawaru
 74893 | Depths:4 | Found a gate to the Realm of Zot.
 76198 | Vaults:5 | Entered Level 5 of the Vaults
 76212 | Vaults:5 | Reached skill level 10 in Stealth
 76229 | Vaults:5 | Reached XP level 24. HP: 254/266 MP: 30/30
 76247 | Vaults:5 | Reached skill level 15 in Polearms
 76268 | Vaults:5 | Identified the +6 war axe of the Imbibing Badger {flame,
                  | Contam rCorr Stlth+} (Okawaru gifted it to you on level 5
                  | of the Vaults)
 76268 | Vaults:5 | Received a gift from Okawaru
 76472 | Vaults:5 | Noticed an ancient lich
 76482 | Vaults:5 | HP: 10/262 [titan/the air (26)]
 77012 | Vaults:5 | Received a gift from Okawaru
 77370 | Vaults:5 | Found Urajuh's Magic Scroll Shop.
 77370 | Vaults:5 | Found Zukixypa's Magic Scroll Shoppe.
 77413 | Vaults:5 | Bought a scroll of enchant armour for 90 gold pieces
 77413 | Vaults:5 | Bought a scroll of enchant armour for 90 gold pieces
 77413 | Vaults:5 | Bought a scroll of teleportation for 36 gold pieces
 77413 | Vaults:5 | Bought a scroll of magic mapping for 90 gold pieces
 77434 | Vaults:5 | Bought a scroll of enchant armour for 172 gold pieces
 77434 | Vaults:5 | Bought a scroll of teleportation for 69 gold pieces
 77434 | Vaults:5 | Bought a scroll of fog for 92 gold pieces
 77471 | Vaults:5 | Killed an ancient lich
 77471 | Vaults:5 | Identified the +7 morningstar of Hubris {vamp, Int+5 Dex+3}
                  | (Okawaru gifted it to you on level 5 of the Vaults)
 77471 | Vaults:5 | Received a gift from Okawaru
 77710 | Vaults:5 | Found Limeor's Distillery.
 77710 | Vaults:5 | Found Atyunwov's Distillery.
 77714 | Vaults:5 | Bought a potion of curing for 72 gold pieces
 77714 | Vaults:5 | Bought a potion of heal wounds for 120 gold pieces
 77725 | Vaults:5 | Bought a potion of haste for 130 gold pieces
 77725 | Vaults:5 | Bought a potion of heal wounds for 65 gold pieces
 77725 | Vaults:5 | Bought a potion of curing for 39 gold pieces
 77725 | Vaults:5 | Bought a potion of curing for 39 gold pieces
 77725 | Vaults:5 | Bought a potion of haste for 130 gold pieces
 77725 | Vaults:5 | Bought a potion of might for 52 gold pieces
 77732 | Vaults:5 | Bought a potion of might for 96 gold pieces
 77734 | Vaults:5 | Bought a potion of resistance for 240 gold pieces
 77787 | Vaults:5 | Found Veoxiway's Magic Scroll Shoppe.
 77798 | Vaults:5 | Bought a scroll of blinking for 150 gold pieces
 77798 | Vaults:5 | Bought a scroll of fear for 80 gold pieces
 78166 | Vaults:5 | Got a silver rune of Zot
 78506 | Vaults:5 | Identified the +3 hand axe of Ledanoal {freeze, Fly}
                  | (Okawaru gifted it to you on level 5 of the Vaults)
 78506 | Vaults:5 | Received a gift from Okawaru
 79762 | Vaults:2 | You paid a toll of +5 ice dragon scales to enter a treasure
                  | trove
 79763 | Trove    | Entered a treasure trove
 79779 | Trove    | Found the macabre finger necklace {Finger+ rN+}
 79798 | Trove    | Got Sif Muna's Incunabulum of Grounded Death
 79984 | Vaults:2 | Killed Sojobo
 80337 | Zot:1    | Entered Level 1 of the Realm of Zot
 81608 | Depths:1 | Fell from the grace of Okawaru
 81608 | Depths:1 | Became a worshipper of the Shining One
 82081 | Crypt:1  | Entered Level 1 of the Crypt
 82229 | Crypt:1  | Reached * piety under the Shining One
 82292 | Crypt:1  | Reached skill level 26 in Fighting
 82618 | Crypt:1  | Noticed Frederick
 82633 | Crypt:1  | Killed Frederick
 82665 | Crypt:1  | Reached ** piety under the Shining One
 82673 | Crypt:1  | Reached XP level 25. HP: 278/278 MP: 31/31
 82909 | Crypt:1  | Found a runed translucent door.
 82910 | Crypt:1  | Noticed an ancient lich
 82939 | Crypt:1  | Noticed Xtahua
 82947 | Crypt:1  | Reached *** piety under the Shining One
 82954 | Crypt:1  | Killed Xtahua
 83356 | Crypt:1  | Killed an ancient lich
 83709 | Crypt:2  | Reached **** piety under the Shining One
 83982 | Crypt:2  | Reached ***** piety under the Shining One
 84227 | Crypt:2  | Noticed Grunn
 84239 | Crypt:2  | Killed Grunn
 84294 | Crypt:3  | Entered Level 3 of the Crypt
 84326 | Crypt:3  | Found a magical portal.
 84375 | WizLab   | Entered Zonguldrok's Shrine
 84391 | WizLab   | Reached ****** piety under the Shining One
 84667 | WizLab   | Noticed an antique lich
 84670 | WizLab   | Killed an antique lich
 84683 | WizLab   | Identified the +7 double sword of the Middle {pain, Dex+2
                  | Stlth+}
 85099 | Crypt:3  | Reached skill level 27 in Fighting
 85201 | Crypt:3  | Found a staircase to the Tomb.
 85747 | Crypt:3  | Noticed a dread lich
 85747 | Crypt:3  | Noticed a dread lich
 85748 | Crypt:3  | Noticed an ancient lich
 85769 | Crypt:3  | Killed a dread lich
 85773 | Crypt:3  | Killed a dread lich
 85776 | Crypt:3  | Killed an ancient lich
 85777 | Crypt:3  | Reached skill level 15 in Invocations
 85778 | Crypt:3  | Got the Volume of Lightning and Vitiation
 85798 | Crypt:3  | Identified the +0 battleaxe of Risk Management {drain,
                  | *Corrode rC++ Int+3 Stlth+}
 85805 | Crypt:3  | Identified the +6 scale mail of the Black Moon {rElec rC-
                  | Str+6}
 86231 | Hell     | Entered the Vestibule of Hell
 86255 | Hell     | Lost mutation: You are robust. (+10% HP) [a cacodemon]
 86799 | Hell     | Noticed Geryon
 86829 | Hell     | Killed Geryon
 86887 | Hell     | Found a gateway to the decaying netherworld of Tartarus.
 87058 | Hell     | Reached XP level 26. HP: 266/266 MP: 33/33
 87061 | Hell     | Found a gateway to the Iron City of Dis.
 87177 | Hell     | Found a gateway to the freezing wastes of Cocytus.
 87323 | Hell     | Found a gateway to the ashen valley of Gehenna.
 88004 | Zot:1    | Found the +27 heavy crossbow "Sniper" {heavy, Acc+∞ SInv}
 88736 | Orc:1    | Bought a scroll of enchant armour for 112 gold pieces
 89189 | Zot:2    | Noticed Vv
 89224 | Zot:2    | Killed Vv
 90322 | Zot:3    | Identified the +1 leather armour of the Sky {rF+ rC- Int+4}
 90802 | Zot:3    | Was forgiven by Okawaru
 91881 | Zot:5    | Entered Level 5 of the Realm of Zot
 93324 | Zot:5    | Noticed a dread lich
 93341 | Zot:5    | Killed a dread lich
 93342 | Zot:5    | Reached XP level 27. HP: 273/273 MP: 35/35
 93383 | Zot:5    | Noticed a dread lich
 93391 | Zot:5    | Killed a dread lich
 93409 | Zot:5    | Noticed an ancient lich
 93410 | Zot:5    | Noticed an orb of fire
 93421 | Zot:5    | Killed an ancient lich
 93425 | Zot:5    | Gained mutation: You are dopey. (Int -2) [an orb of fire]
 93426 | Zot:5    | Gained mutation: You are vulnerable to heat. (rF-) [an orb
                  | of fire]
 93430 | Zot:5    | Noticed an orb of fire
 93434 | Zot:5    | Killed an orb of fire
 93439 | Zot:5    | Noticed an orb of fire
 93445 | Zot:5    | Gained mutation: You are weak. (Str -2) [an orb of fire]
 93448 | Zot:5    | Gained mutation: You are clumsy. (Dex -2) [an orb of fire]
 93742 | Zot:4    | Lost mutation: You are vulnerable to heat. (rF-) [potion of
                  | mutation]
 93742 | Zot:4    | Lost mutation: You are dopey. (Int -2) [potion of mutation]
 93742 | Zot:4    | Lost mutation: You are clumsy. (Dex -2) [potion of
                  | mutation]
 93742 | Zot:4    | Gained mutation: You are very weak. (Str -4) [potion of
                  | mutation]
 93742 | Zot:4    | Gained mutation: Your spells are a little easier to cast,
                  | but a little less powerful. [potion of mutation]
 93742 | Zot:4    | Gained mutation: You have hidden genetic potential. [potion
                  | of mutation]
 93743 | Zot:4    | Lost mutation: Your spells are a little easier to cast, but
                  | a little less powerful. [potion of mutation]
 93743 | Zot:4    | Lost mutation: You are very weak. (Str -4) [potion of
                  | mutation]
 93743 | Zot:4    | Lost mutation: You have hidden genetic potential. [potion
                  | of mutation]
 93743 | Zot:4    | Gained mutation: You are somewhat resistant to further
                  | mutation. [potion of mutation]
 93998 | Zot:5    | Killed an orb of fire
 94007 | Zot:5    | Killed an orb of fire
 94727 | Zot:5    | Noticed an orb of fire
 94744 | Zot:5    | Gained mutation: You occasionally lose the ability to drink
                  | potions when taking damage. [an orb of fire]
 94752 | Zot:5    | Killed an orb of fire
 94905 | Zot:5    | Noticed an orb of fire
 94928 | Zot:5    | Noticed an orb of fire
 94931 | Zot:5    | Killed an orb of fire
 94944 | Zot:5    | Killed an orb of fire
 95430 | Zot:5    | Lost mutation: You occasionally lose the ability to drink
                  | potions when taking damage. [potion of mutation]
 95430 | Zot:5    | Lost mutation: You are weak. (Str -2) [potion of mutation]
 95430 | Zot:5    | Lost mutation: You are somewhat resistant to further
                  | mutation. [potion of mutation]
 95430 | Zot:5    | Gained mutation: You have large cloven feet. [potion of
                  | mutation]
 95432 | Zot:5    | Got the Orb of Zot
 96125 | D:4      | Noticed Natasha
 96128 | D:4      | Killed Natasha
 96150 | D:4      | Found a shimmering altar of Xom.
 96254 | D:$      | Escaped with the Orb!

Illustrated notes

Levels and vault maps discovered:
D:1:      minmay_arrival_wavy_path, layout_loops_ring
D:2:      layout_basic, hangedman_feature_mirror, minmay_misc_feat_square
D:3:      layout_loops_ring, nicolae_dithmenos_through_a_glass_darkly,
          tgw_kikubaaqudgha, serial_forest, infiniplex_forest_clump_long,
          infiniplex_forest_lined_3, infiniplex_forest_lined_room_,
          infiniplex_forest_clump_tiny, infiniplex_forest_corner_1,
          infiniplex_forest_end_3, infiniplex_forest_lined_room_,
          infiniplex_forest_end_2, hangedman_decor_riveting, st_stairs_6,
          uniq_sigmund
D:4:      layout_basic, mainiacjoe_overflow_catwalk,
          cheibrodos_sewer_entry_sluice, uniq_natasha, uniq_pikel
D:5:      lemuel_ratsnest, layout_loops_corners, nicolae_overflow_squiral,
          mainiacjoe_overflow_small_starburst, minmay_temple_entry_tees
D:6:      layout_loops_ring, lemuel_tele_altar, solitary_fountain,
          hangedman_decor_opposing, feat_on_display, uniq_maggie
D:7:      layout_loops_ring, grunt_gozag_breadcrumbs, vehumet_altar_wand_db
D:8:      layout_loops_corners, nicolae_qazlal_style_of_elements
D:9:      layout_grid_maze, grunt_temple_overflow_open, uniq_erica
D:10:     layout_stronghold, erik_lair_island, enter_bailey_5, uniq_harold,
          uniq_psyche, uniq_urug
D:11:     minmay_the_grid_octo_tiled_squarecenter
          [minmay_the_grid_octo_vomiting_pacman, minmay_the_grid_octo_clover_2,
          minmay_the_grid_octo_toaster, minmay_the_grid_octo_fat_diamond,
          minmay_the_grid_square_5x5_megaprize_diamond,
          minmay_the_grid_square_5x5_trominoes,
          minmay_the_grid_square_5x5_doubleslash,
          minmay_the_grid_square_5x5_inset, minmay_the_grid_square_5x5_seven],
          layout_loops_corners, portal_ice_cave_entry_ice_simulacra
D:12:     layout_stronghold, zombieorc2_lemuel, serial_column_ruins,
          column_ruins_hut, column_ruins_open_medium,
          column_ruins_columns_straight, column_ruins_open_tiny,
          column_ruins_open_tiny, column_ruins_open_small,
          column_ruins_open_tiny, amcnicky_mini_pool_medium
D:13:     layout_gridville, nzn_ghost_randoct
D:14:     layout_loops_cross, ximxim_vaults_locker_room,
          minmay_staircase_statues, serial_shops, shop, lemuel_nasty_fountain
D:15:     gammafunk_enter_depths_forms, layout_basic, patterned_corridor,
          grunt_decor_one_mirror, uniq_azrael
Temple:   hellmonk_temple_micro_hex
Lair:1:   layout_hall_layers, minivault_27, pdpol_lair_cabin_in_the_woods,
          uniq_prince_ribbit2
Lair:2:   layout_roguey, minmay_snake_entry_six_corridors,
          ebering_ghost_reflecting_pool
Lair:3:   layout_big_grid, nicolae_shoals_entry_flooding
Lair:4:   layout_regular_city, slime_entry_1,
          eino_small_chamber_without_monster, grunt_megastairs_3,
          lemuel_fruit_tree, lemuel_fruit_fields, serial_bayou_shore_b
Lair:5:   minmay_lair_end_frog_pond, layout_big_grid
Shoals:1: nicolae_shoals_aurelia_aurita, layout_shoals
Shoals:2: layout_shoals
Shoals:3: layout_shoals, serial_shops, shop, nicolae_shoals_so_close,
          uniq_ilsuiw
Shoals:4: shoals_end_hellmonk_storm_palace [storm_palace_center_ruins,
          storm_palace_corner_reverse_hut, storm_palace_corner_altar,
          storm_palace_corner_reverse_hut, storm_palace_corner_grid]
Snake:1:  layout_onion_interference, hellmonk_ghost_happy_afterlife
Snake:2:  layout_layer_cave, serial_shops, nicolae_shop_peninsula,
          minmay_shop_star
Snake:3:  layout_grid_maze, gammafunk_ghost_abyssal_escape, drop_trap,
          hangedman_venom_bottle, serial_bayou_shore_a, grunt_megastairs_5,
          uniq_aizul, uniq_vashnia, uniq_agnes
Snake:4:  grunt_snake_rune_serpentine_throne, layout_cave_town, serial_shops,
          shop
Orc:1:    layout_caves, ebering_ghost_disaster_area, serial_shops, shop,
          nicolae_shop_statue_plus, uniq_sonja
Orc:2:    grunt_orc_tribal_feast, layout_caves, basic_altar
Elf:1:    layout_geoelf_diagonals, serial_shops, nicolae_shop_stone,
          hangedman_elven_crosses_minicolossus, uniq_nikola
Elf:2:    elven_hall_of_blades_hangedman_original
          [infiniplex_blade_entry_pillars], layout_onion_city,
          small_chamber_with_monster
Elf:3:    grunt_elf_hall_asides, layout_rooms, minmay_fountain_box
Vaults:1: nicolae_vaults_halls_meeting, v_pattern_2, hangedman_vaults_nails,
          vaults_mumra_chevron_long, serial_ice_m, nicolae_vaults_apartment_2,
          ontoclasm_vaults_eye, ontoclasm_vaults_shuriken,
          nicolae_vaults_trapezoid_layered, layout_vaults_omnigrid, uniq_zenata
Vaults:2: portal_desolation_entry_garden, v_misc_27, v_misc_22,
          nicolae_vaults_diamond_1, hangedman_vaults_slice,
          nicolae_vaults_trapezoid_2, v_misc_17, v_misc_4,
          nicolae_vaults_offset_grid_hallway_3, nicolae_vaults_double_plus_2,
          ontoclasm_vaults_ring_square, nicolae_vaults_six-pack,
          nicolae_vaults_storage_closets_2, layout_vaults_maze_bifur,
          serial_shops, nicolae_lakefront_shop, enter_trove_1, uniq_asterion,
          uniq_donald, uniq_margery
Vaults:3: hellmonk_ghost_big_iron, minmay_crypt_entry_simple_box,
          vaults_mumra_minichess_inversion, grunt_vaults_funnel,
          nicolae_vaults_frosty_reception, hangedman_vaults_trim,
          nicolae_vaults_closet_pinwheel_1, v_rooms_4, v_misc_16,
          nicolae_vaults_trapezoid_lopsided_1, layout_vaults_omnibox, uniq_jory,
          uniq_sojobo
Vaults:4: v_rooms_4, v_rooms_3, v_misc_4, v_misc_2, hangedman_vaults_stream,
          hangedman_vaults_river_flow, nicolae_vaults_murderbox,
          nicolae_vaults_little_squares_2, nicolae_vaults_diagonal_hallway_9,
          vaults_room_pool, nicolae_vaults_storage_room_glass,
          nicolae_vaults_little_squares_1, nicolae_vaults_apartment_1,
          layout_vaults_omnicross, uniq_mara, uniq_bai_suzhen
Vaults:5: serial_shops
Crypt:1:  cheibrodos_crypt_cold_storage, layout_chaotic_city, uniq_xtahua,
          uniq_frederick
Crypt:2:  layout_chaotic_city, grunt_megastairs_1, lemuel_elevator,
          lemuel_upstairs_altar, uniq_grunn
Crypt:3:  david_glass_crypt, layout_misc_corridors,
          infiniplex_enter_wizlab_water, corexii_hall_statues_u,
          nicolae_crypt_niches
Depths:1: kennysheep_scales, layout_twisted_cross, hell_entry, tso_altar,
          minmay_guarded_unrand_mage
Depths:2: four-leaf_vault, layout_gridlike, serial_rivers,
          chequers_serial_rivers_large_a, chequers_serial_rivers_micro_e,
          chequers_serial_rivers_marsh, chequers_serial_rivers_small_3,
          marbit_kobold_abyss_entry, hell_entry, rand_demon_pan_entry_1,
          grunt_ministairs_4
Depths:3: nicolae_cairo_tiling_large_dashed, layout_basic,
          pf_hell_entry_great_geh, abyss_entry, columned_hall_lemuel,
          uniq_josephina
Depths:4: lemuel_castle_with_subvaults [lemuel_castle_interior_carwin_3],
          layout_basic, enter_ziggurat_e, grunt_hell_entry_dis_mu, serial_glass,
          glass_columns_b, glass_columns_b, feat_on_display,
          minmay_strange_pillars, hangedman_decor_growths
Hell
Zot:1:    layout_onion_interference
Zot:2:    layout_concentric_octagons, uniq_vv
Zot:3:    circus_mu, layout_onion
Zot:4:    layout_gridlike, grunt_megastairs_2
Zot:5:    layout_basic

Skill      XL: |  1  2  3  4  5  6  7  8  9 10 11 12 13 14 15 16 17 18 19 20 21 22 23 24 25 26 27 |
---------------+----------------------------------------------------------------------------------+-----
Axes           | 3 4 6 7 9 10 12 13 14 17 18 19 21 22 24 | 24.1
Shields        | 4 5 7 10 13 16 17 18 23 24 | 24.0
Armour         | 5 7 9 11 13 14 15 17 19 20 22 23 25 | 25.0
Fighting       | 5 10 11 13 16 18 21 24 25 26 27 | 27.0
Invocations    | 2 3 5 8 9 11 12 15 18 20 | 20.5
Maces & Flails | 8 9 11 12 13 14 | 14.7
Dodging        | 7 |  7.0
Stealth        | 2 10 13 | 13.3
Polearms       | 11 14 16 | 16.0
Evocations     | 7 8 |  8.0

Action                     |  1- 3 |  4- 6 |  7- 9 | 10-12 | 13-15 | 16-18 | 19-21 | 22-24 | 25-27 || total
---------------------------+-------+-------+-------+-------+-------+-------+-------+-------+-------++-------
  Melee: War axe           |   100 |   117 |   289 |   283 |       |       |       |       |       ||   789
         Headbutt          |     7 |    13 |    57 |    92 |   258 |   413 |   711 |   766 |   602 ||  2919
         Hand axe          |       |       |    26 |       |       |       |       |       |       ||    26
         Kick              |       |       |       |   144 |   308 |       |       |       |       ||   452
         Eveningstar       |       |       |       |   266 |   357 |   836 |   450 |   448 |   213 ||  2570
         Broad axe         |       |       |       |       |   892 |   765 |   458 |   416 |       ||  2531
         Double sword      |       |       |       |       |    10 |       |       |       |       ||    10
         Demon whip        |       |       |       |       |       |       |   488 |       |       ||   488
         Demon trident     |       |       |       |       |       |       |  1051 |  1847 |       ||  2898
         Labrys            |       |       |       |       |       |       |       |       |  1446 ||  1446
 Invoke: Heroism           |       |       |       |     1 |     9 |     9 |     6 |    10 |       ||    35
         Finesse           |       |       |       |       |       |       |     1 |     3 |       ||     4
         Duel              |       |       |       |       |       |       |       |     1 |       ||     1
         Divine Shield     |       |       |       |       |       |       |       |     1 |     6 ||     7
         Cleansing Flame   |       |       |       |       |       |       |       |       |     3 ||     3
         Summon Divine War |       |       |       |       |       |       |       |       |     5 ||     5
  Evoke: Wand              |       |       |     2 |     4 |     9 |       |     1 |     2 |       ||    18
         Lightning rod     |       |       |       |     5 |       |     4 |     1 |     3 |       ||    13
         Piece from Xom's  |       |       |       |       |       |     2 |       |       |       ||     2
         Condenser vane    |       |       |       |       |       |     1 |       |       |       ||     1
    Use: Scroll            |     1 |     4 |     6 |    12 |    17 |    12 |    19 |    24 |    11 ||   106
         Potion            |       |     1 |    10 |    13 |    12 |     7 |    16 |    15 |     5 ||    79
   Stab: Distracted        |       |       |       |       |     1 |       |       |     1 |       ||     2
         Invisible         |       |       |       |       |       |       |       |     1 |       ||     1
 Armour: Scale mail        |    45 |    20 |       |       |       |       |       |       |       ||    65
         Plate armour      |       |    60 |   140 |   370 |   638 |   721 |   954 |   914 |       ||  3797
         Skin              |       |       |       |    30 |       |       |       |       |       ||    30
         Gold dragon scale |       |       |       |       |       |       |       |    25 |   480 ||   505
  Dodge: Dodged            |    44 |    46 |    81 |   192 |   280 |   345 |   442 |   506 |   277 ||  2213
  Block: Buckler           |    16 |    21 |    61 |    92 |       |       |       |       |       ||   190
         Kite shield       |       |       |       |    69 |   576 |   525 |       |       |       ||  1170
         Tower shield      |       |       |       |       |       |   850 |  1986 |  2124 |  1528 ||  6488
